 Dungeon Crawl Stone Soup version 0.21.1-1-g345015fe64 (webtiles) character file.

57659 Oravi the Spry (level 14, -4/117 HPs)
             Began as a Merfolk Transmuter on Apr 10, 2018.
             Was the Champion of Qazlal.
             Splashed by an acid blob's acid (12 damage)
             ... on level 6 of the Lair of Beasts on Apr 11, 2018.
             The game lasted 02:29:54 (26761 turns).

Oravi the Spry (Merfolk Transmuter)                Turns: 26761, Time: 02:29:54

Health: -4/117     AC: -7    Str: 22    XL:     14   Next: 87%
Magic:  22/22      EV: 22    Int: 21    God:    Qazlal [******]
Gold:   1506       SH: 13    Dex: 15    Spells: 9/24 levels left

rFire    x . .     SeeInvis +     - Unarmed
rCold    + + +     Gourm    .   (shield currently unavailable)
rNeg     . . .     Faith    .   (armour currently unavailable)
rPois    +         Spirit   .   (helmet currently unavailable)
rElec    .         Reflect  +   (cloak currently unavailable)
rCorr    .         Harm     .   (gloves currently unavailable)
MR       +....                  (boots currently unavailable)
Stlth    +.........             x - amulet "Suoneqep" {Reflect *Contam *Drain rPois Str+6 SH+5}
HPRegen  0.29/turn              r - +2 ring of evasion
MPRegen  0.18/turn              w - +5 ring of intelligence

@: mighty, about to teleport, ice-form, corroded, repel missiles
A: large, (change form in water), (swift swim), (stealthy swim), see invisible,
screaming 1
a: End Transformation, Upheaval, Elemental Force, Disaster Area, Renounce
Religion


You were on level 6 of the Lair of Beasts.
You worshipped Qazlal.
Qazlal was exalted by your worship.
You were not hungry.
You were a creature of crystalline ice.
You visited 4 branches of the dungeon, and saw 21 of its levels.
You also visited: Sewer and Bailey.

You collected 1506 gold pieces.

Inventory:

Hand Weapons
 O - the +5 long sword of the Forest {holy, Str+3 Int+4, unknown}
   (You found it in a bailey)

   It has been blessed by the Shining One to cause great damage to the undead
   and demons.
   It affects your strength (+3).
   It affects your intelligence (+4).
Missiles
 a - 341 arrows
Armour
 i - a +2 hat (melded)
 t - a scarf of resistance (melded)
 v - a +0 pair of gloves (melded)
 B - a +1 leather armour of poison resistance
 L - a cursed +0 ring mail
 M - the +2 pair of boots "Qogrot" (melded) {*Drain rF+ Regen+ Stlth+}
   (You found it in a bailey)

   It protects you from fire.
   It increases your rate of regeneration.
   It causes draining when unequipped.
   It makes you more stealthy.
 Z - a +1 robe of magic resistance (melded)
Magical Staves
 b - an uncursed staff of poison (melded)
Jewellery
 h - an uncursed amulet of magic regeneration
 p - an uncursed ring of protection from magic
 r - a +2 ring of evasion (left front paw)
 w - a +5 ring of intelligence (right front paw)
 x - the amulet "Suoneqep" (around neck) {Reflect *Contam *Drain rPois Str+6 SH+5}
   (You took it off a wight on level 8 of the Dungeon)

   [amulet of reflection]

   It shields you and reflects attacks.
   It affects your strength (+6).
   It protects you from poison.
   It causes magical contamination when unequipped.
   It causes draining when unequipped.
   It affects your SH (+5).
 C - an uncursed amulet of rage
 J - an uncursed ring of protection from fire
 K - an uncursed ring of magical power
 Y - an uncursed amulet of regeneration
Wands
 f - a wand of random effects (60)
 l - a wand of flame (123)
 y - a wand of paralysis (9)
 H - a wand of polymorph (21)
 Q - a wand of iceblast (6)
 R - a wand of scattershot (3)
 S - a wand of digging (12)
 T - a wand of disintegration (38)
 V - a wand of acid (21)
Scrolls
 e - 3 scrolls of magic mapping
 g - 4 scrolls of teleportation
 k - a scroll of enchant weapon
 m - 7 scrolls of identify
 o - a scroll of fog
 s - 5 scrolls of remove curse
 u - 2 scrolls of enchant armour
 F - 2 scrolls of fear
 I - a scroll of blinking
 U - 3 scrolls of holy word {unknown}
 W - 2 scrolls of brand weapon
 X - 3 scrolls of amnesia
Potions
 n - 3 potions of brilliance
 q - 3 potions of haste
 z - 2 potions of lignification
 A - 4 potions of invisibility
 D - 6 potions of flight
 E - 2 potions of magic
 G - a potion of mutation
 P - a potion of might
Books
 c - a book of Changes

   Spells                             Type                      Level
   a - Beastly Appendage              Transmutation                1
   b - Sticks to Snakes               Transmutation                2
   c - Spider Form                    Transmutation/Poison         3
   d - Ice Form                       Ice/Transmutation            4
   e - Blade Hands                    Transmutation                5
 j - a book of Necromancy

   Spells                             Type                      Level
   a - Pain                           Necromancy                   1
   b - Animate Skeleton               Necromancy                   1
   c - Vampiric Draining              Necromancy                   3
   d - Regeneration                   Charms/Necromancy            3
   e - Animate Dead                   Necromancy                   4
   f - Borgnjor's Vile Clutch         Necromancy/Earth             5
 N - a Young Poisoner's Handbook

   Spells                             Type                      Level
   a - Sting                          Conjuration/Poison           1
   b - Poisonous Vapours              Poison/Air                   2
   c - Mephitic Cloud                 Conjuration/Poison/Air       3
   d - Olgreb's Toxic Radiance        Poison                       4
   e - Venom Bolt                     Conjuration/Poison           5
Comestibles
 d - 39 rations


   Skills:
 + Level 5.0 Fighting
 * Level 15.9 Dodging
 + Level 14.0 Unarmed Combat
 + Level 5.7 Spellcasting
 - Level 14.0 Transmutations
 * Level 7.5 Ice Magic
 - Level 11.1 Poison Magic
 * Level 4.0 Invocations
 - Level 0.6 Evocations


You had 9 spell levels left.
You knew the following spells:

 Your Spells              Type           Power        Failure   Level  Hunger
a - Beastly Appendage     Tmut           ######       1%          1    None
b - Sticks to Snakes      Tmut           ######..     1%          2    None
c - Spider Form           Tmut/Pois      ######....   1%          3    ##.....
d - Ice Form              Ice/Tmut       ######..     1%          4    ####...
e - Blade Hands           Tmut           ######....   1%          5    #####..


Dungeon Overview and Level Annotations

Branches:
Dungeon (13/15)            Temple (1/1) D:6            Lair (6/6) D:9
 Shoals (0/4) Lair:2        Snake (0/4) Lair:2        Slime (1/5) Lair:6
    Orc (0/2) D:10
 Vaults: D:13-14

Altars:
Ashenzari
Cheibriados
Dithmenos
Elyvilon
Fedhas
Gozag
Hepliaklqana
Kikubaaqudgha
Makhleb
Nemelex Xobeh
Okawaru
Qazlal
Ru
Sif Muna
Trog
Uskayaw
Vehumet
Wu Jian
Xom
Yredelemnul
Zin
The Shining One
Jiyva

Shops:
D:7 *


Innate Abilities, Weirdness & Mutations

((You revert to your normal form in water.))
((You are very nimble and swift while swimming.))
((You are very stealthy in the water. (Stealth+)))
((You are partially covered in large bone plates. (SH +4)))
((You are partially covered in yellow scales. (AC +2)))
You have supernaturally acute eyesight. (SInv)
((Your system is resistant to poisons. (rPois)))
You occasionally shout uncontrollably at your foes.


Message History

The acid blob spits acid at you. The splash of acid hits you!
* * * LOW HITPOINT WARNING * * *
The acid corrodes you!
You are splashed with acid!
The acid burns!
* * * LOW HITPOINT WARNING * * *
Okay, then.
The acid blob misses you. The acid blob spits acid at you.
The splash of acid is repelled.
There is a viscous altar of Jiyva here.
There is an open door here.
The acid blob spits acid at you.
The splash of acid is repelled.
As you read the scroll of teleportation, it crumbles to dust.
You feel strangely unstable. The acid blob spits acid at you.
The splash of acid hits you!
* * * LOW HITPOINT WARNING * * *
You are splashed with acid!
The acid burns!
You die...

### ##P###### ##...##.P#
###
#...P#..############P####
.........#...#.JY.......#
.###...###>._'.§#...#...#
###....# #...#..##§.#...##
.P#...#############.#....#
.##.....##....###....#..##
..............##.........##
.##...........#.#...##..#.#
..####..#.....##.....#...##
#####..##......#....##....#


You could see an acid blob.

Vanquished Creatures
  Kirke (Lair:4)
  7 hydras
  3 catoblepae (Lair:6)
  5 two-headed ogres
  A dancing weapon (D:12)
  The ghost of dracomuter the Protected, a journeyman KoAM of Okawaru (D:9)
  7 death yaks (Lair:6)
  2 orc high priests (Bailey)
  An orc knight (Bailey)
  2 manticores (Lair:6)
  2 cyclopes
  5 elephants
  3 merfolk sirens (Lair:2)
  Joseph (D:9)
  A gargoyle (D:12)
  4 black mambas
  8 spiny frogs
  7 komodo dragons
  4 rime drakes
  2 polar bears
  15 dream sheep
  9 blink frogs (Lair:4)
  3 slime creatures (D:11)
  8 hippogriffs
  A spriggan (Lair:2)
  44 yaks
  A hog (Lair:4)
  2 wyverns
  2 humans (Lair:4)
  2 hungry ghosts
  3 basilisks
  3 nagas (Lair:2)
  A warg (D:10)
  An acid dragon (D:11)
  11 water moccasins
  13 orc warriors
  6 porcupines
  3 sky beasts
  2 ice beasts
  2 black bears
  A necrophage (D:7)
  13 wolves
  A phantom (D:12)
  6 centaurs
  5 ogres
  11 crocodiles
  The ghost of Dox the Shield-Bearer, an amateur OpFi (D:3)
  2 big kobolds
  A wyvern zombie (D:11)
  14 bullfrogs
  4 gnoll sergeants
  6 electric eels
  19 wights
  6 howler monkeys
  3 bullfrog zombies
  3 centaur zombies
  2 crimson imps
  3 bullfrog skeletons
  13 hounds
  7 jellies
  10 orc priests
  10 orc wizards
  A centaur skeleton (D:8)
  2 gnoll shamans (D:10)
  Ijyb (D:3)
  5 iguanas
  8 worker ants
  2 killer bee zombies
  3 hound zombies (D:6)
  A hound skeleton (D:4)
  2 worker ant zombies
  31 gnolls
  A howler monkey skeleton (D:5)
  10 adders
  A river rat (D:3)
  3 shadow imps
  3 oozes
  6 worms
  3 dart slugs
  9 leopard geckos
  60 orcs
  5 giant cockroaches
  26 goblins
  17 hobgoblins
  18 jackals
  6 quokkas
  2 ball pythons
  20 bats
  3 frilled lizards
  22 kobolds
  A leopard gecko zombie (D:6)
  3 quokka skeletons
  11 rats
626 creatures vanquished.

Vanquished Creatures (collateral kills)
  The ghost of htuhola the Firebug, an amateur NaFE (D:4)
  A worker ant (D:4)
  An adder (D:4)
3 creatures vanquished.

Vanquished Creatures (others)
  Nessos (Lair:4)
  2 adders (D:7)
  A leopard gecko (D:7)
  A giant cockroach (D:7)
  4 fungi
  8 plants (Lair:6)
17 creatures vanquished.

Grand Total: 646 creatures vanquished

Notes
Turn   | Place    | Note
-------+----------+-------------------------------------------
     0 | D:1      | Oravi the Merfolk Transmuter began the quest for the Orb.
     0 | D:1      | Reached XP level 1. HP: 15/15 MP: 3/3
    36 | D:1      | Reached XP level 2. HP: 10/21 MP: 3/5
   496 | D:1      | Reached skill level 3 in Dodging
   723 | D:1      | Reached XP level 3. HP: 22/26 MP: 6/6
   730 | D:1      | Learned a level 2 spell: Sticks to Snakes
   734 | D:1      | Learned a level 3 spell: Spider Form
  1428 | D:2      | Reached XP level 4. HP: 19/32 MP: 4/7
  1560 | D:2      | Reached skill level 1 in Poison Magic
  1818 | D:2      | Reached XP level 5. HP: 33/37 MP: 0/8
  2169 | D:2      | Reached skill level 5 in Unarmed Combat
  2950 | D:2      | Gained mutation: You have a beak for a mouth. [potion of mutation]
  2950 | D:2      | Gained mutation: You have a pair of small antennae on your head. [potion of mutation]
  2950 | D:2      | Gained mutation: You occasionally shout uncontrollably at your foes. [potion of mutation]
  2950 | D:2      | Gained mutation: You evolve. [potion of mutation]
  2964 | D:2      | Lost mutation: You evolve. [potion of mutation]
  2964 | D:2      | Lost mutation: You occasionally shout uncontrollably at your foes. [potion of mutation]
  2964 | D:2      | Gained mutation: Your spells are a little harder to cast, but a little more powerful. [potion of mutation]
  2964 | D:2      | Gained mutation: You are resistant to electric shocks. (rElec) [potion of mutation]
  2988 | D:3      | Found a hazy altar of Hepliaklqana.
  3247 | D:3      | Reached XP level 6. HP: 41/44 MP: 9/9
  3489 | D:3      | Found a glowing drain.
  3668 | Sewer    | Entered a sewer
  3681 | Sewer    | Reached skill level 4 in Dodging
  4121 | D:3      | Noticed Dox's ghost (amateur OpFi)
  4132 | D:3      | Killed Dox's ghost
  4132 | D:3      | Reached skill level 5 in Transmutations
  4394 | D:3      | Reached XP level 7. HP: 16/49 MP: 8/10
  4932 | D:3      | Noticed Ijyb
  4942 | D:3      | Killed Ijyb
  5047 | D:4      | Noticed htuhola's ghost (amateur NaFE)
  5775 | D:4      | Killed htuhola's ghost
  5801 | D:4      | Reached skill level 5 in Dodging
  6081 | D:4      | Found an opulent altar of Gozag.
  6426 | D:5      | Entered Level 5 of the Dungeon
  6430 | D:5      | Reached XP level 8. HP: 56/56 MP: 8/11
  6677 | D:5      | Found a glowing golden altar of the Shining One.
  6777 | D:5      | Found a shattered altar of Ashenzari.
  7424 | D:6      | Found an ornate altar of the Wu Jian Council.
  7424 | D:6      | Found a burning altar of Makhleb.
  7836 | D:7      | Noticed a hippogriff
  7920 | D:6      | Found a shadowy altar of Dithmenos.
  7953 | D:6      | Reached XP level 9. HP: 62/62 MP: 6/12
  8437 | D:6      | Found a hide-covered altar of Uskayaw.
  8456 | D:6      | Reached skill level 6 in Dodging
  8553 | D:6      | Found a staircase to the Ecumenical Temple.
  8687 | Temple   | Entered the Ecumenical Temple
  8842 | Temple   | Became a worshipper of Qazlal Stormbringer
  8947 | D:6      | Lost mutation: Your spells are a little harder to cast, but a little more powerful. [potion of mutation]
  8947 | D:6      | Lost mutation: You have a pair of small antennae on your head. [potion of mutation]
  8947 | D:6      | Lost mutation: You are resistant to electric shocks. (rElec) [potion of mutation]
  8947 | D:6      | Gained mutation: Your magical capacity is low. (-10% MP) [potion of mutation]
  8947 | D:6      | Lost mutation: Your magical capacity is low. (-10% MP) [potion of mutation]
  8947 | D:6      | Gained mutation: You occasionally shout uncontrollably at your foes. [potion of mutation]
  8947 | D:6      | Gained mutation: You are partially covered in large bone plates. (SH +4) [potion of mutation]
  9155 | D:3      | Lost mutation: You have a beak for a mouth. [potion of mutation]
  9155 | D:3      | Gained mutation: You have supernaturally acute eyesight. (SInv) [potion of mutation]
  9155 | D:3      | Gained mutation: Your system is resistant to poisons. (rPois) [potion of mutation]
  9155 | D:3      | Gained mutation: You are partially covered in yellow scales. (AC +2) [potion of mutation]
  9239 | D:7      | Found a glowing silver altar of Zin.
  9304 | D:7      | Reached skill level 5 in Poison Magic
  9717 | D:7      | Reached skill level 10 in Unarmed Combat
  9778 | D:7      | Found Qogeh's Serpentskin Sales.
  9981 | D:7      | Found a shimmering altar of Xom.
 10032 | D:8      | Noticed a two-headed ogre
 10097 | D:8      | Reached * piety under Qazlal
 10102 | D:8      | Noticed a two-headed ogre
 10305 | D:7      | Killed a two-headed ogre
 10305 | D:7      | Reached skill level 7 in Dodging
 10305 | D:7      | Reached XP level 10. HP: 34/67 MP: 13/13
 10837 | D:8      | Got a clouded steel amulet
 10849 | D:8      | Noticed a two-headed ogre
 10877 | D:8      | Killed a two-headed ogre
 10877 | D:8      | Reached skill level 8 in Dodging
 11173 | D:8      | Identified the amulet "Suoneqep" {Reflect *Contam *Drain rPois Str+6 SH+5} (You took it off a wight on level 8 of the Dungeon)
 11543 | D:8      | Noticed a cyclops
 11551 | D:8      | Killed a cyclops
 11960 | D:9      | Found an ancient bone altar of Kikubaaqudgha.
 12028 | D:9      | Noticed dracomuter's ghost (journeyman KoAM)
 12050 | D:9      | Killed dracomuter's ghost
 12050 | D:9      | Reached skill level 9 in Dodging
 12050 | D:9      | Reached skill level 10 in Transmutations
 12422 | D:9      | Noticed Joseph
 12434 | D:9      | Killed Joseph
 12434 | D:9      | Reached XP level 11. HP: 69/75 MP: 11/14
 12671 | D:9      | Found a staircase to the Lair.
 12975 | D:10     | Entered Level 10 of the Dungeon
 13012 | D:10     | Reached ** piety under Qazlal
 13439 | D:10     | Found a staircase to the Orcish Mines.
 13675 | D:10     | Reached skill level 10 in Dodging
 13678 | D:9      | Reached *** piety under Qazlal
 13685 | D:9      | Killed a two-headed ogre
 14147 | D:10     | Found a sacrificial altar of Ru.
 14474 | D:10     | Learned a level 4 spell: Ice Form
 14738 | D:11     | Reached skill level 11 in Dodging
 14810 | D:11     | Reached **** piety under Qazlal
 14946 | D:11     | Noticed a two-headed ogre
 14962 | D:11     | Killed a two-headed ogre
 14962 | D:11     | Reached skill level 1 in Ice Magic
 15777 | D:12     | Found Causuho's Book Boutique.
 15788 | D:12     | Noticed a two-headed ogre
 15797 | D:12     | Killed a two-headed ogre
 15797 | D:12     | Reached XP level 12. HP: 59/81 MP: 14/16
 15875 | D:12     | Found a flagged portal.
 15915 | Bailey   | Entered a bailey
 15980 | Bailey   | Noticed an orc high priest
 15991 | Bailey   | Noticed an orc high priest
 15997 | Bailey   | Killed an orc high priest
 15997 | Bailey   | Reached skill level 12 in Dodging
 16010 | Bailey   | Killed an orc high priest
 17309 | Bailey   | Found an iron altar of Okawaru.
 17478 | Bailey   | Got a pair of steaming boots
 17591 | Bailey   | Got a translucent long sword
 17707 | D:12     | Reached ***** piety under Qazlal
 18692 | Lair:1   | Entered Level 1 of the Lair of Beasts
 18765 | Lair:1   | Reached skill level 10 in Poison Magic
 19917 | Lair:2   | Reached skill level 13 in Dodging
 19939 | Lair:2   | Noticed a seven-headed hydra
 19970 | Lair:1   | Killed a seven-headed hydra
 19970 | Lair:1   | Reached XP level 13. HP: 20/88 MP: 15/19
 20485 | Lair:2   | Found a staircase to the Snake Pit.
 20931 | Lair:2   | Found a staircase to the Shoals.
 21087 | Lair:2   | Identified the +2 pair of boots "Qogrot" {*Drain rF+ Regen+ Stlth+} (You found it in a bailey)
 22107 | Lair:4   | Reached skill level 5 in Ice Magic
 22320 | Lair:4   | Reached skill level 14 in Dodging
 22641 | Lair:4   | Noticed Nessos
 22659 | Lair:4   | Killed Nessos
 22659 | Lair:4   | Reached skill level 5 in Spellcasting
 23521 | Lair:5   | Noticed Kirke
 23598 | Lair:4   | Killed Kirke
 23804 | Lair:5   | Reached XP level 14. HP: 96/96 MP: 21/21
 23893 | Lair:5   | Reached skill level 1 in Invocations
 24516 | Lair:5   | Learned a level 5 spell: Blade Hands
 24611 | Lair:5   | You fall through a shaft!
 24611 | Lair:6   | Entered Level 6 of the Lair of Beasts
 24625 | Lair:6   | Reached skill level 15 in Dodging
 24734 | Lair:5   | Reached ****** piety under Qazlal
 25989 | Lair:6   | Reached skill level 5 in Fighting
 26091 | Lair:6   | Found a runed door.
 26091 | Lair:6   | Found a viscous altar of Jiyva.
 26091 | Lair:6   | Found a staircase to the Slime Pits.
 26748 | Slime:1  | Entered Level 1 of the Pits of Slime
 26748 | Slime:1  | Noticed an acid blob
 26761 | Lair:6   | Splashed by an acid blob's acid

Skill      XL: |  1  2  3  4  5  6  7  8  9 10 11 12 13 14 |
---------------+-------------------------------------------+-----
Dodging        | 3 4 5 7 9 11 13 14 15 | 15.9
Unarmed Combat | 4 5 6 8 10 12 14 | 14.0
Transmutations | 3 4 5 6 8 9 10 11 13 14 | 14.0
Poison Magic   | 1 2 3 4 6 7 9 10 11 | 11.1
Fighting       | 2 3 4 5 |  5.0
Ice Magic      | 2 4 6 7 |  7.5
Spellcasting   | 4 5 |  5.7
Invocations    | 4 |  4.0
Evocations     | |  0.6

Action                   |  1- 3 |  4- 6 |  7- 9 | 10-12 | 13-15 || total
-------------------------+-------+-------+-------+-------+-------++-------
Melee: Unarmed           |   112 |   258 |   373 |   790 |   414 ||  1947
       Headbutt          |     9 |     4 |       |       |       ||    13
       Punch             |       |     5 |     2 |       |       ||     7
       Peck              |       |     9 |     4 |       |       ||    13
 Cast: Beastly Appendage |    14 |     8 |       |       |       ||    22
       Spider Form       |     2 |    19 |    41 |    63 |       ||   125
       Sticks to Snakes  |       |     3 |     8 |     3 |       ||    14
       Ice Form          |       |       |       |     9 |    35 ||    44
Invok: Elemental Force   |       |       |       |       |     1 ||     1
 Abil: End Transformatio |       |       |       |     2 |       ||     2
Evoke: Wand              |       |       |       |    14 |     3 ||    17
  Use: Potion            |     2 |     2 |     6 |    11 |     2 ||    23
       Scroll            |       |     9 |     3 |    15 |     7 ||    34
 Stab: Sleeping          |     3 |       |       |       |       ||     3
       Distracted        |       |     1 |       |       |       ||     1
  Eat: Chunk             |     2 |    13 |    23 |    32 |    21 ||    91
       Ration            |       |       |     1 |     2 |     2 ||     5
Armor: Robe              |    18 |    26 |     6 |     1 |       ||    51
       Skin              |     1 |     4 |    15 |    19 |    46 ||    85
Dodge: Dodged            |   112 |   219 |   370 |   525 |   264 ||  1490
       Deflected         |       |       |       |     6 |     7 ||    13
Block: Other             |       |       |     1 |   259 |   244 ||   504
       Reflection        |       |       |       |    10 |     3 ||    13
